 Dungeon Crawl Stone Soup version 0.30-a0-475-g03497ec522 (webtiles) character file.

Game seed: 13267201346089909269

4687 arthad the Geomancer (level 10, -10/58 HPs)
             Began as a Gargoyle Earth Elementalist on Dec 21, 2022.
             Was a Follower of Sif Muna.
             Mangled by a seven-headed hydra (12 damage)
             ... on level 7 of the Dungeon.
             The game lasted 00:23:29 (7774 turns).

arthad the Geomancer (Gargoyle Earth Elementalist)  Turns: 7774, Time: 00:23:30

Health: -10/58     AC: 10    Str: 13    XL:     10   Next: 44%
Magic:  16/28      EV: 12    Int: 19    God:    Sif Muna [*.....]
Gold:   381        SH:  5    Dex: 10    Spells: 4/21 levels left

rFire   + . .      SeeInvis .    K - staff of conjuration
rCold   . . .      Faith    .    (no shield)
rNeg    + . .      Spirit   .    a - +0 robe
rPois   ∞          Reflect  +    g - +0 helmet
rElec   +          Harm     .    x - scarf {shadows}
rCorr   .          Rampage  .    (no gloves)
Will    .....                    (no boots)
Stlth   +++.......               B - amulet of reflection
HPRegen 0.29/turn                o - ring of protection from fire
MPRegen 0.21/turn                t - ring of magical power

@: no status effects
A: sickness immunity, AC +7, negative energy resistance 1, electricity
resistance, torment resistance 1, petrification resistance
a: Renounce Religion, Channel Magic


You were on level 7 of the Dungeon.
You worshipped Sif Muna.
Sif Muna was aware of your devotion.
You visited 2 branches of the dungeon, and saw 8 of its levels.

You collected 381 gold pieces.

Inventory:

Hand Weapons
 c - a +3 trident of flaming
 m - a +0 sling
 n - a +0 glaive
 u - a +2 rapier of holy wrath
 y - a +1 whip of electrocution
 E - the +3 spear of Discomfort {speed, rPois Dex+2 SInv}
   (You found it on level 6 of the Dungeon)

   Attacks with this weapon are significantly faster.
   Dex:       It affects your dexterity (+2).
   rPois:     It protects you from poison.
   SInv:      It lets you see invisible.
 I - a +4 halberd of freezing
Missiles
 k - 5 javelins
 D - 15 poisoned darts
Armour
 a - a +0 robe (worn)
 g - a +0 helmet (worn)
 j - a +2 cloak
 v - an orb of guile
 x - a scarf of shadows (worn)
 M - a +3 leather armour of fire resistance
Magical Staves
 r - a staff of air
 K - a staff of conjuration (weapon)
 L - a staff of poison
Jewellery
 o - a ring of protection from fire (left hand)
 t - a ring of magical power (right hand)
 B - an amulet of reflection (around neck)
Scrolls
 e - 3 scrolls of magic mapping
 f - 2 scrolls of identify
 h - a scroll of brand weapon {unknown}
 i - 4 scrolls of teleportation {unknown}
 l - a scroll of enchant armour {unknown}
 p - 3 scrolls of immolation {unknown}
 s - 3 scrolls of fog {unknown}
 F - a scroll of enchant weapon {unknown}
 N - a scroll of fear {unknown}
Potions
 b - 2 potions of magic
 d - a potion of invisibility
 q - 2 potions of mutation
 w - 2 potions of curing
 z - a potion of haste
 A - a potion of cancellation {unknown}
 C - a potion of flight
 G - a potion of heal wounds {unknown}
 H - a potion of attraction {unknown}
 J - a potion of brilliance {unknown}


   Skills:
 + Level 4.5 Fighting
 + Level 4.4 Armour
 + Level 4.0 Dodging
 + Level 5.6 Stealth
 * Level 6.0 Spellcasting
 * Level 6.3 Conjurations
 + Level 3.5 Transmutations
 + Level 2.0 Fire Magic
 * Level 8.5 Earth Magic
 + Level 2.7 Invocations


You had 4 spell levels left.
You knew the following spells:

 Your Spells              Type           Power      Damage    Failure   Level
a - Sandblast             Erth           76%        2d16      1%          1
b - Stone Arrow           Conj/Erth      100%       3d13      1%          3
c - Petrify               Tmut/Erth      28%        N/A       10%         4
d - Ignite Poison         Fire/Tmut/Pois 12%        N/A       16%         3
e - Iron Shot             Conj/Erth      25%        9d5       63%         6

Your spell library contained the following spells:

 Spells                   Type           Power      Damage    Failure   Level
 Passwall                 Tmut/Erth      23%        N/A       1%          2
 Slow                     Hex            20%        N/A       11%         1
 Sticky Flame             Conj/Fire      32%        2d5       21%         4
 Confusing Touch          Hex            5%         N/A       32%         3
 Vampiric Draining        Necr           5%         2d6       32%         3
 Iskenderun's Battlesphe  Conj           44%        2d10      22%         5
 Spellforged Servitor     Conj/Summ      13%        N/A       100%        7
 Ignition                 Fire           6%         3d4       100%        8


Dungeon Overview and Level Annotations

Branches:
Dungeon (7/15)             Temple (1/1) D:7

Altars:
Ashenzari
Cheibriados
Dithmenos
Elyvilon
Fedhas
Gozag
Hepliaklqana
Makhleb
Nemelex Xobeh
Qazlal
Ru
Sif Muna
Uskayaw
Wu Jian
Zin
The Shining One


Innate Abilities, Weirdness & Mutations

You are immune to sickness and miasma.
Your stone body is resilient. (AC +7)
You are immune to poison.
You resist negative energy. (rN+)
You are resistant to electric shocks. (rElec)
You are resistant to unholy torment.
You are immune to petrification.


Message History

You feel a surge of power!
The stone arrow hits the seven-headed hydra!!
The seven-headed hydra is moderately wounded.
The seven-headed hydra closely misses you.
The seven-headed hydra bites you.
The seven-headed hydra bites you but does no damage.
The seven-headed hydra bites you! x2
You block the seven-headed hydra's attack.
The seven-headed hydra bites you.
Unknown command.
Unknown command.
Casting: Stone Arrow (safe; 1% risk of failure)
Confirm with . or Enter, or press ? or * to list all spells.
Aiming: Stone Arrow (safe; 1% risk of failure)
Press: ? - help, Shift-Dir - straight line, f/p - seven-headed hydra
Aim: a seven-headed hydra (moderately wounded, 92% to hit)
You feel a surge of power!
The stone arrow hits the seven-headed hydra!!
The seven-headed hydra is severely wounded.
The seven-headed hydra barely misses you.
You block the seven-headed hydra's attack.
The seven-headed hydra bites you but does no damage.
The seven-headed hydra bites you! The seven-headed hydra bites you.
* * * LOW HITPOINT WARNING * * *
The seven-headed hydra barely misses you.
The seven-headed hydra bites you.
* * * LOW HITPOINT WARNING * * *
Casting: Stone Arrow (safe; 1% risk of failure)
Confirm with . or Enter, or press ? or * to list all spells.
Aiming: Stone Arrow (safe; 1% risk of failure)
Press: ? - help, Shift-Dir - straight line, f/p - seven-headed hydra
Aim: a seven-headed hydra (severely wounded, 92% to hit)
You feel a surge of power!
The stone arrow hits the seven-headed hydra!!
The seven-headed hydra is almost dead.
The seven-headed hydra bites you but does no damage.
The seven-headed hydra bites you!
* * * LOW HITPOINT WARNING * * *
The seven-headed hydra bites you!
You die...

.♣####.♣.♣ ##...#.....#...
.♣#..#.♣.♣ #..###..>..###.
.♣#..#.♣.♣♣♣### #....#.....#...
)♣#''#.♣.♣....#+ #.............#
.♣#..).♣.♣.♣#.#(###......###...##
.♣#####♣.♣.♣#.#.5##.......#....#
.♣♣♣♣♣♣♣.♣.♣#.#Sy###+###..#....#
)........♣.♣#.##D###.# #.......#
♣♣♣♣♣♣♣♣♣♣.♣#...@.##.# #.......#
...........♣#.♣♣♣.##.# #.......#
♣♣♣♣.♣♣♣♣♣♣♣#.....##.###.......#
###♣)♣#############........#'###
............#♣♣.♣♣#..........#
♣♣♣.).♣♣♣♣♣.♣♣...♣#..........#
♣.♣)♣ ♣..........[.......####
♣♣♣...♣♣♣♣♣.♣♣...♣#..)........(..
............#♣♣.♣♣#[........#####


You could see a seven-headed hydra, a water moccasin, a vampire mosquito and a
white imp.

Vanquished Creatures
  A centaur warrior (D:7)
  A wizard (D:7)
  A gargoyle (D:7)
  A yaktaur (shapeshifter) (D:7)
  Grinder (D:6)
  A slime creature (D:7)
  A yak (D:7)
  A wraith (D:7)
  A water moccasin (D:7)
  2 orc warriors
  A black bear (D:5)
  An ice beast (D:5)
  A sky beast (D:7)
  4 centaurs
  An ogre (D:7)
  A phantom (D:5)
  A kobold brigand (D:7)
  A gnoll sergeant (D:4)
  3 scorpions
  5 wights
  A killer bee (D:7)
  A howler monkey (D:4)
  4 orc priests
  3 hounds
  A jelly (D:7)
  A gnoll bouda (D:5)
  3 iguanas
  5 orc wizards
  9 gnolls
  3 adders (D:4)
  3 shadow imps
  2 white imps
  3 dart slugs
  31 orcs
  4 ball pythons
  4 endoplasms
  3 giant cockroaches
  6 goblins
  4 hobgoblins
  8 kobolds
  5 quokkas
  5 bats
  2 rats
  A spectral goblin (D:3)
142 creatures vanquished.

Notes
Turn   | Place    | Note
-------+----------+-------------------------------------------
     0 | D:1      | arthad the Gargoyle Earth Elementalist began the quest for
                  | the Orb.
     0 | D:1      | Reached XP level 1. HP: 10/10 MP: 3/3
   196 | D:1      | Reached XP level 2. HP: 15/15 MP: 1/5
   793 | D:1      | Reached skill level 1 in Transmutations
  1004 | D:2      | Found a stormy altar of Qazlal.
  1119 | D:2      | You fall into a shaft and drop 1 floor!
  1133 | D:3      | Reached skill level 4 in Earth Magic
  1144 | D:3      | Found an opulent altar of Gozag.
  1252 | D:3      | Reached XP level 3. HP: 20/20 MP: 4/6
  1285 | D:3      | Reached XP level 4. HP: 24/24 MP: 1/7
  1361 | D:3      | Noticed a scorpion
  1366 | D:3      | Killed a scorpion
  1367 | D:3      | Reached skill level 1 in Fighting
  1367 | D:3      | Reached skill level 1 in Armour
  1367 | D:3      | Reached XP level 5. HP: 25/29 MP: 2/9
  1525 | D:3      | Found a faded altar of an unknown god.
  1542 | D:3      | Learned a level 3 spell: Stone Arrow
  1547 | D:3      | Learned a level 4 spell: Petrify
  2425 | D:4      | Found a broken altar of Ashenzari.
  2429 | D:4      | Saw a vision of the Swamp and the Spider Nest.
  2429 | D:4      | Noticed a bunyip
  2429 | D:4      | Noticed an entropy weaver
  2429 | D:4      | Noticed an eleionoma
  2429 | D:4      | Noticed a redback
  2429 | D:4      | Noticed a spriggan druid
  2429 | D:4      | Noticed a moth of wrath
  2429 | D:4      | Noticed a bog body
  2429 | D:4      | Noticed a redback
  2429 | D:4      | Noticed a ghost crab
  2429 | D:4      | Noticed a jumping spider
  2429 | D:4      | Noticed a bunyip
  2429 | D:4      | Noticed a pharaoh ant
  2429 | D:4      | Noticed a four-headed hydra
  2429 | D:4      | Noticed a redback
  2429 | D:4      | Noticed an entropy weaver
  2429 | D:4      | Noticed a swamp dragon
  2430 | D:4      | Noticed a jumping spider
  2430 | D:4      | Noticed a goliath frog
  2431 | D:4      | Noticed a meliai
  2431 | D:4      | Noticed a moth of wrath
  2437 | D:4      | Noticed a tarantella
  2880 | D:4      | Reached skill level 1 in Conjurations
  2939 | D:4      | Reached XP level 6. HP: 35/35 MP: 10/10
  3057 | D:4      | Reached skill level 5 in Earth Magic
  3415 | D:5      | Entered Level 5 of the Dungeon
  3415 | D:5      | Noticed a black bear
  3419 | D:5      | Killed a black bear
  3420 | D:5      | Reached XP level 7. HP: 40/40 MP: 11/12
  4331 | D:5      | Reached skill level 6 in Earth Magic
  4331 | D:5      | Reached XP level 8. HP: 45/45 MP: 4/14
  4568 | D:6      | Noticed Grinder
  4576 | D:6      | Killed Grinder
  4915 | D:6      | Learned a level 3 spell: Ignite Poison
  5434 | D:6      | Identified the +3 spear of Discomfort {speed, rPois Dex+2
                  | SInv}
  5647 | D:7      | Reached skill level 7 in Earth Magic
  5647 | D:7      | Reached XP level 9. HP: 20/51 MP: 16/16
  5834 | D:7      | Learned a level 6 spell: Iron Shot
  5929 | D:7      | Reached skill level 5 in Spellcasting
  6009 | D:7      | Found a staircase to the Ecumenical Temple.
  6017 | Temple   | Entered the Ecumenical Temple
  6264 | Temple   | Became a worshipper of Sif Muna the Loreminder
  6446 | D:7      | Reached skill level 5 in Conjurations
  6866 | D:7      | Reached skill level 5 in Stealth
  6866 | D:7      | Reached skill level 1 in Invocations
  6980 | D:7      | Reached skill level 1 in Fire Magic
  7114 | D:7      | Noticed a wizard
  7114 | D:7      | Noticed a yaktaur
  7121 | D:7      | Killed a yaktaur
  7122 | D:7      | Reached skill level 8 in Earth Magic
  7122 | D:7      | Killed a wizard
  7123 | D:7      | Reached XP level 10. HP: 41/57 MP: 6/18
  7316 | D:7      | Noticed a centaur warrior
  7319 | D:7      | Killed a centaur warrior
  7483 | D:7      | Noticed a gargoyle
  7486 | D:7      | Killed a gargoyle
  7489 | D:7      | Reached * piety under Sif Muna
  7770 | D:7      | Noticed a seven-headed hydra
  7774 | D:7      | HP: 2/58 [seven-headed hydra (11)]
  7774 | D:7      | Mangled by a seven-headed hydra

Illustrated notes

Levels and vault maps discovered:
D:1:      moated_graveyard_arrival, layout_basic
D:2:      layout_rooms, basic_altar, corexii_corridor_pit
D:3:      layout_loops_ring, nicolae_gozag_cash_rules_everything_around_me,
          dreamdust_ecumenical_altar_drowned_temple
D:4:      layout_basic, grunt_ashenzari_visionary
          [grunt_ashenzari_visionary_swamp, grunt_ashenzari_visionary_spider],
          st_stairs_13, hex_medium, lightli_minifort
D:5:      layout_basic
D:6:      layout_loops_ring, abandoned_shop, glass_columns_b, uniq_grinder
D:7:      nzn_winding_woodlands_large [nzn_winding_woodlands_5x5_open_star,
          nzn_winding_woodlands_5x15_concentric,
          nzn_winding_woodlands_5x5_three, nzn_winding_woodlands_center_lodge,
          nzn_winding_woodlands_15x15_boxy_spiral,
          nzn_winding_woodlands_center_diamonds,
          nzn_winding_woodlands_5x5_cross, nzn_winding_woodlands_5x15_zeroes,
          nzn_winding_woodlands_5x5_perimeter], layout_basic,
          minmay_temple_entry_tees, uniq_crazy_yiuf_cottage
Temple:   oiseaux_autumnal_temple

Skill      XL: |  1  2  3  4  5  6  7  8  9 10 |
---------------+-------------------------------+-----
Transmutations | 1 2 3 |  3.5
Earth Magic    | 4 5 6 7 8 |  8.5
Fighting       | 1 2 3 4 |  4.5
Armour         | 1 2 3 4 |  4.4
Dodging        | 2 3 4 |  4.0
Spellcasting   | 3 4 5 6 |  6.0
Conjurations   | 1 2 3 4 6 |  6.3
Stealth        | 3 4 5 |  5.6
Invocations    | 2 |  2.7
Fire Magic     | 1 2 |  2.0

Action                   |  1- 3 |  4- 6 |  7- 9 | 10-12 || total
-------------------------+-------+-------+-------+-------++-------
Melee: Unarmed           |     2 |       |       |       ||     2
       Glaive            |       |     3 |       |       ||     3
       Trident           |       |       |    20 |       ||    20
       Spear             |       |       |     3 |       ||     3
 Cast: Sandblast         |    30 |    59 |   131 |     2 ||   222
       Stone Arrow       |       |     7 |    51 |    13 ||    71
       Petrify           |       |       |     1 |       ||     1
  Use: Scroll            |       |     1 |     8 |       ||     9
       Potion            |       |     1 |       |       ||     1
Armor: Robe              |     5 |     9 |    40 |     4 ||    58
Dodge: Dodged            |     5 |    19 |    64 |     4 ||    92
Block: Other             |       |       |    21 |     3 ||    24
       Reflection        |       |       |     4 |     1 ||     5

Table legend: (Time is in decaauts)
 A = Elapsed time spent in this place.
 B = Non-inter-level travel time spent in this place.
 C = Inter-level travel time spent in this place.
 D = Time resting spent in this place.
 E = Time spent auto-exploring this place.
 F = Levels seen in this place.
 G = Mean time per level.
                   A        B        C        D        E       F      G
               +--------+--------+--------+--------+--------+-----+--------+
         Total |   7906 |   7639 |    267 |    972 |   5620 |   8 |  988.2 |
       Dungeon |   7611 |   7392 |    219 |    972 |   5387 |   7 | 1087.3 |
        Temple |    294 |    247 |     47 |      0 |    233 |   1 |  294.0 |
               +--------+--------+--------+--------+--------+-----+--------+

Top non-repeatable levels by time:
     D:7: 1943 daAuts
     D:4: 1188 daAuts
     D:5: 1166 daAuts
     D:6: 1036 daAuts
     D:1: 979 daAuts
     D:3: 901 daAuts
     D:2: 396 daAuts
  Temple: 294 daAuts
